 Dungeon Crawl Stone Soup version 0.25-a0-356-g7c9d860b3b (webtiles) character file.

Game seed: 12055476954084111714, levelgen mode: deterministic

435046 Borgoz the Executioner (level 23, 0/187 HPs)
             Began as a Gargoyle Gladiator on Jan 4, 2020.
             Was the Champion of Okawaru.
             Killed from afar by a starcursed mass (12 damage)
             ... with an accursed screaming
             ... on level 3 of the Abyss.
             The game lasted 02:20:18 (55317 turns).

Borgoz the Executioner (Gargoyle Gladiator)        Turns: 55317, Time: 02:20:19

Health: 0/187      AC: 57    Str: 35    XL:     23   Next: 99%
Magic:  29/29      EV: 17    Int: 15    God:    Okawaru [******]
Gold:   1833       SH:  3    Dex: 17    Spells: 22/22 levels left

rFire    + + .     SeeInvis +   b - +5 executioner's axe of Ewkoe {drain, Dex+4}
rCold    + + +     Gourm    .   (shield currently unavailable)
rNeg     + . .     Faith    .   r - +7 gold dragon scales of Fareubil {+Inv rPois rF+ rC+ MR+ Str+3 Int-5}
rPois    ∞         Spirit   .   m - +2 hat {MR+}
rElec    +         Reflect  +   l - +2 cloak of Nyngao {rPois rC+ Slay+3}
rCorr    .         Harm     .   z - +1 pair of gloves of Sihuug Reuff {+Inv Str+4 Stlth-}
MR       +++..     Clarity  +   y - +0 pair of boots Stlth ..........NoTele +
                                p - amulet of Laydaam {Reflect -Tele rF++ Str+4 Int+3 SH+3}
HPRegen  0.00/turn              M - ring of Amorality {Ice rPois Str+3 Int+3}
MPRegen  0.21/turn              A - ring of see invisible

@: flying
A: big wings, clarity, clever 1, negative energy resistance 1, robust 2,
electricity resistance, [inhibited regeneration], weak 1, unbreathing,
petrification resistance, rot immunity, AC +17
}: 2/15 runes: serpentine, barnacled
a: Stop Flying, Heroism, Finesse, Renounce Religion, Evoke Invisibility


You were on level 3 of the Abyss.
You worshipped Okawaru.
Okawaru was exalted by your worship.
You were not hungry.

You visited 7 branches of the dungeon, and saw 39 of its levels.
You visited the Abyss 1 time.
You visited 1 bazaar.
You also visited: Gauntlet, Ice Cave and Volcano.

You collected 4860 gold pieces.
You spent 3027 gold pieces at shops.

Inventory:

Hand Weapons
 a - the +1 battleaxe "Yqammub" {drain, rN+ MR+}
   (Okawaru gifted it to you on level 4 of the Snake Pit)

   A truly terrible weapon, it drains the life of those it strikes.
   It protects you from negative energy.
   It affects your resistance to hostile enchantments.
 b - the +5 executioner's axe of Ewkoe (weapon) {drain, Dex+4}
   (You took it off a deep elf sorcerer on level 3 of the Elven Halls)

   A truly terrible weapon, it drains the life of those it strikes.
   It affects your dexterity (+4).
Missiles
 d - 12 throwing nets (quivered)
Armour
 l - the +2 cloak of Nyngao (worn) {rPois rC+ Slay+3}
   (You bought it in a shop on level 1 of the Vaults)

   It affects your accuracy and damage with ranged weapons and melee attacks
   (+3).
   It protects you from cold.
   It protects you from poison.
 m - a +2 hat of magic resistance (worn)
 r - the +7 gold dragon scales of Fareubil (worn) {+Inv rPois rF+ rC+ MR+ Str+3 Int-5}
   (You bought it in a shop in a bazaar)

   It affects your strength (+3).
   It affects your intelligence (-5).
   It protects you from fire.
   It protects you from cold.
   It protects you from poison.
   It affects your resistance to hostile enchantments.
   It lets you turn invisible.
 y - a +0 pair of boots (worn)
 z - the +1 pair of gloves of Sihuug Reuff (worn) {+Inv Str+4 Stlth-}
   (Okawaru gifted it to you on level 4 of the Shoals)

   It affects your strength (+4).
   It lets you turn invisible.
   It makes you less stealthy.
Jewellery
 i - an uncursed amulet of regeneration
 p - the amulet of Laydaam (around neck) {Reflect -Tele rF++ Str+4 Int+3 SH+3}
   (You acquired it on level 14 of the Dungeon)

   [amulet of reflection]

   It shields you and reflects attacks.
   It affects your strength (+4).
   It affects your intelligence (+3).
   It greatly protects you from fire.
   It prevents most forms of teleportation.
   It affects your SH (+3).
 w - an uncursed amulet of guardian spirit
 A - a ring of see invisible (right hand)
 M - the ring of Amorality (left hand) {Ice rPois Str+3 Int+3}
   (You found it on level 9 of the Dungeon)

   [ring of ice]

   It enhances your ice magic.
   It affects your strength (+3).
   It affects your intelligence (+3).
   It makes you vulnerable to fire.
   It protects you from cold.
   It protects you from poison.
 P - the amulet "Ozauxax" {Gourm rN+}
   (You found it on level 3 of the Vaults)

   [amulet of the gourmand]

   It allows you to eat raw meat even when not hungry.
   It protects you from negative energy.
Wands
 q - a wand of disintegration (13)
 x - a wand of paralysis (10)
 B - a wand of acid (38)
 I - a wand of clouds (8)
 N - a wand of digging (12)
 O - a wand of iceblast (39)
Scrolls
 g - 16 scrolls of teleportation
 j - 3 scrolls of holy word
 k - 8 scrolls of fear
 n - 14 scrolls of remove curse
 s - 2 scrolls of enchant armour
 t - 8 scrolls of blinking
 v - 2 scrolls of silence
 C - 5 scrolls of magic mapping
 E - 3 scrolls of fog
 G - a scroll of enchant weapon
 W - 16 scrolls of identify
Potions
 e - 3 potions of agility
 o - 2 potions of heal wounds
 u - 4 potions of cancellation
 D - 2 potions of invisibility
 H - 5 potions of curing
 J - 3 potions of might
 L - 2 potions of berserk rage
 X - a potion of haste
Comestibles
 c - 16 chunks of flesh
 f - 64 rations


   Skills:
 + Level 19.7 Fighting
 + Level 21.8 Axes
 - Level 1.7 Throwing
 + Level 19.5 Armour
 + Level 15.3 Dodging
   Level 7.9 Shields
 - Level 8.0 Invocations
 - Level 5.0 Evocations


You had 22 spell levels left.
You didn't know any spells.
Your spell library contained the following spells:

 Spells                   Type           Power        Failure   Level  Hunger
 Animate Skeleton         Necr           N/A          90%         1    ##.....
 Apportation              Tloc           #.....       90%         1    ##.....
 Beastly Appendage        Tmut           #.....       90%         1    ##.....
 Confusing Touch          Hex            #.....       90%         1    ##.....
 Corona                   Hex            #......      90%         1    ##.....
 Foxfire                  Conj/Fire      #...         90%         1    ##.....
 Freeze                   Ice            #...         90%         1    ##.....
 Infusion                 Chrm           #...         90%         1    ##.....
 Magic Dart               Conj           #...         90%         1    ##.....
 Pain                     Necr           #...         90%         1    ##.....
 Sandblast                Erth           #.....       90%         1    ##.....
 Shock                    Conj/Air       #...         90%         1    ##.....
 Summon Butterflies       Summ           #.......     90%         1    ##.....
 Blink                    Tloc           N/A          97%         2    ###....
 Call Imp                 Summ           #.......     97%         2    ###....
 Corpse Rot               Necr/Air       N/A          97%         2    ###....
 Ensorcelled Hibernation  Hex/Ice        #.....       97%         2    ###....
 Passwall                 Tmut/Erth      #.......     97%         2    ###....
 Searing Ray              Conj           #.....       97%         2    ###....
 Shroud of Golubria       Chrm/Tloc      #.....       97%         2    ###....
 Slow                     Hex            #.......     97%         2    ###....
 Sticks to Snakes         Tmut           #.......     97%         2    ###....
 Swiftness                Chrm/Air       #.......     97%         2    ###....
 Call Canine Familiar     Summ           #.......     99%         3    ####...
 Confuse                  Hex            #.......     99%         3    ####...
 Conjure Flame            Conj/Fire      #.......     99%         3    ####...
 Dazzling Flash           Conj/Hex       #.....       99%         3    ####...
 Gell's Gravitas          Tloc           #.........   99%         3    ####...
 Ignite Poison            Fire/Tmut/Pois #.......     99%         3    ####...
 Inner Flame              Hex/Fire       #.......     99%         3    ####...
 Lesser Beckoning         Tloc           #.........   99%         3    ####...
 Mephitic Cloud           Conj/Pois/Air  #.......     99%         3    ####...
 Ozocubu's Armour         Chrm/Ice       #.......     99%         3    ####...
 Portal Projectile        Hex/Tloc       #.....       99%         3    ####...
 Regeneration             Chrm/Necr      #.........   99%         3    ####...
 Spider Form              Tmut/Pois      #.........   99%         3    ####...
 Static Discharge         Conj/Air       #.......     99%         3    ####...
 Stone Arrow              Conj/Erth      #.....       99%         3    ####...
 Summon Guardian Golem    Hex/Summ       #.......     99%         3    ####...
 Teleport Other           Tloc           #.......     99%         3    ####...
 Tukima's Dance           Hex            #.......     99%         3    ####...
 Vampiric Draining        Necr           #.........   99%         3    ####...
 Airstrike                Air            #.........   100%        4    #####..
 Animate Dead             Necr           N/A          100%        4    #####..
 Fulminant Prism          Conj/Hex       #.........   100%        4    #####..
 Hailstorm                Conj/Ice       #.......     100%        4    #####..
 Ice Form                 Ice/Tmut       #.......     100%        4    #####..
 Iskenderun's Mystic Bla  Conj/Tloc      #.......     100%        4    #####..
 Passage of Golubria      Tloc           N/A          100%        4    #####..
 Petrify                  Tmut/Erth      #.......     100%        4    #####..
 Sticky Flame             Conj/Fire      #.......     100%        4    #####..
 Summon Ice Beast         Ice/Summ       #.......     100%        4    #####..
 Alistair's Intoxication  Tmut/Pois      #.......     100%        5    ######.
 Blade Hands              Tmut           #.........   100%        5    ######.
 Borgnjor's Vile Clutch   Necr/Erth      #.........   100%        5    ######.
 Dispel Undead            Necr           #.......     100%        5    ######.
 Fireball                 Conj/Fire      #.........   100%        5    ######.
 Irradiate                Conj/Tmut      #.........   100%        5    ######.
 Lee's Rapid Deconstruct  Erth           #.........   100%        5    ######.
 Lightning Bolt           Conj/Air       #.........   100%        5    ######.
 Metabolic Englaciation   Hex/Ice        #.........   100%        5    ######.
 Silence                  Hex/Air        #.........   100%        5    ######.
 Summon Mana Viper        Hex/Summ       #.......     100%        5    ######.
 Yara's Violent Unravell  Hex/Tmut       #.........   100%        5    ######.
 Darkness                 Hex            #.........   100%        6    #######
 Death Channel            Necr           #.........   100%        6    #######
 Deflect Missiles         Chrm/Air       #.........   100%        6    #######
 Dispersal                Tloc           #.........   100%        6    #######
 Hydra Form               Tmut           #.........   100%        6    #######
 Invisibility             Hex            #.......     100%        6    #######
 Ozocubu's Refrigeration  Ice            #.........   100%        6    #######
 Shadow Creatures         Summ           N/A          100%        6    #######
 Simulacrum               Ice/Necr       #.........   100%        6    #######
 Starburst                Conj/Fire      #.........   100%        6    #######
 Dragon Form              Tmut           #.........   100%        7    #######
 Ring of Flames           Chrm/Fire      #.........   100%        7    #######
 Summon Hydra             Summ           #.........   100%        7    #######
 Controlled Blink         Tloc           N/A          100%        8    #######
 Disjunction              Tloc           #.........   100%        8    #######
 Ignition                 Fire           #.........   100%        8    #######
 Shatter                  Erth           #.........   100%        9    #######
 Tornado                  Air            #.........   100%        9    #######
 Statue Form              Tmut/Erth      Unusable     N/A         6    N/A

Dungeon Overview and Level Annotations

Branches:
Dungeon (15/15)            Temple (0/1) D:5            Lair (6/6) D:11
 Shoals (4/4) Lair:4        Snake (4/4) Lair:4        Slime (0/5) Lair:5
    Orc (2/2) D:11            Elf (3/3) Orc:2        Vaults (5/5) D:14
  Crypt (0/3) Vaults:3     Depths (0/5) D:15          IceCv (visited)
Volcano (visited)         Gauntlet (visited)

Altars:
Cheibriados
Gozag
Kikubaaqudgha
Nemelex Xobeh
Okawaru
Sif Muna
Wu Jian
Xom
Yredelemnul
Zin
Jiyva

Shops:
D:4 *   D:6 (   D:11 (   D:15 (   Orc:2 [:!}   Elf:2 =(   Elf:3 :   Shoals:3 *
Vaults:1 *([}[   Vaults:2 *   Vaults:4 *%*=?

Portals:
Trove: Elf:1 (give 16 scrolls of teleportation)


Innate Abilities, Weirdness & Mutations

You are resistant to torment.
Your stone body is resilient. (AC +17)
You are immune to poison.
Your large and strong wings let you fly indefinitely.
You resist negative energy. (rN+)
You are resistant to electric shocks. (rElec)
You can survive without breathing.
You are immune to petrification.
You are immune to rotting.
You possess an exceptional clarity of mind.
Your mind is acute. (Int +2)
You are very robust. (+20% HP)
You are weak. (Str -2)
[You do not regenerate when monsters are visible.]


Message History

You hear a shout!
A starcursed mass splits.
A deafening chorus of shrieks assaults your mind!
* * * LOW HITPOINT WARNING * * *
A white imp comes into view.
The small abomination closely misses you.
You chop the small abomination into pieces!!!
You destroy the small abomination!
Okawaru accepts your kill.
A starcursed mass splits. x2
The white imp gestures at you.
The puff of frost hits you but does no damage.
You cut the starcursed mass into ribbons!!!
You destroy the starcursed mass!
Okawaru accepts your kill.
A starcursed mass splits. x3
You barely miss the white imp.
You hit the starcursed mass but do no damage.
A cacophony of accursed wailing tears at your sanity!
You die... ... .........
X.##.. #..#... ... .X##..##..##..##.. ................
XX.............

# ..#... ..#.. #.
#..##..##..##[.##
...................
.......5@÷.........
#..##..##X.##..## .
. #...#..# .. . .
...... .XX. ....
.......)XX......
#..## .##..##..##
#...# . #..# ..#...
... . ......)......
#.. ... .. .).#


You could see 9 starcursed masses and a white imp.

Vanquished Creatures
  An ancient lich (Vaults:3)
  The ghost of Pofumik the Slayer, a veteran MiFi of Okawaru (Vaults:3)
  Bai Suzhen (Snake:4)
  Vashnia (Snake:3)
  Saint Roka (Snake:3)
  The ghost of Geloitur the Imperceptible, a veteran SpEE of Dithmenos (Vaults:3)
  Nikola (Shoals:3)
  2 liches
  A tentacled monstrosity (Vaults:5)
  2 deep elf blademasters
  A deep elf master archer (Elf:3)
  2 quicksilver dragons (Vaults:5)
  A kraken (Shoals:3)
  Polyphemus (Shoals:4)
  2 titans (Vaults:5)
  Frances (D:13)
  Agnes (Snake:4)
  A tentacled starspawn (Abyss:3)
  2 sphinxes (Vaults:5)
  A storm dragon (Vaults:5)
  3 tengu reavers
  A shadow dragon (Vaults:5)
  Roxanne (Shoals:4)
  9 nagarajas
  5 vault wardens
  Aizul (Snake:3)
  5 deep elf sorcerers
  A cacodemon (Abyss:3)
  5 frost giants
  2 deep elf elementalists (Elf:3)
  The ghost of Qenoimudgh the Unseen, an adept FeMo of Yredelemnul (Vaults:3)
  11 ironheart preservers
  7 very ugly things
  An entropy weaver (Vaults:2)
  10 stone giants
  A war gargoyle (Vaults:5)
  6 deep elf demonologists (Elf:3)
  A minotaur (Gauntlet)
  7 deep elf annihilators
  2 dire elephants (Lair:6)
  6 crystal guardians
  3 merfolk javelineers
  9 deep elf death magi
  5 ettins
  A death ooze (Gauntlet)
  14 ogre magi
  13 merfolk impalers
  2 great orbs of eyes
  Fannar (Lair:2)
  3 deep elf high priests (Elf:3)
  A quicksilver dragon zombie (Abyss:3)
  6 yaktaur captains
  2 fire dragons
  Harold (Lair:2)
  6 hydras
  2 ice dragons (Vaults:2)
  31 vault guards
  5 centaur warriors
  4 catoblepae
  15 naga warriors
  The ghost of pk666 the Thaumaturge, a journeyman DEWz of Vehumet (Lair:3)
  3 death knights
  4 merfolk avatars
  7 anacondas
  3 alligator snapping turtles
  A satyr (shapeshifter) (Vaults:5)
  A deep troll shaman (Vaults:3)
  9 merfolk aquamancers
  23 dancing weapons
  43 two-headed ogres
  6 death yaks
  14 naga sharpshooters
  A tengu warrior (Shoals:3)
  10 shock serpents
  A wretched star (Abyss:3)
  26 deep elf knights
  2 shadow wraiths (Vaults:4)
  2 spark wasp zombies (D:15)
  4 salamander mystics
  2 sixfirhies (Abyss:3)
  6 unseen horrors
  5 skeletal warriors
  6 deep trolls
  11 naga ritualists
  18 sea snakes
  12 deep elf archers
  2 flayed ghosts
  A lindwurm (Lair:6)
  3 wizards
  3 phantasmal warriors
  14 ironbrand convokers
  52 deep elf magi
  6 necromancers
  14 orc knights
  9 mana vipers
  47 harpies
  A fire giant zombie (Vaults:3)
  7 orc sorcerers
  18 ugly things
  A sphinx zombie (D:15)
  10 cyclopes
  A salamander (shapeshifter) (D:15)
  3 fauns (Shoals:1)
  3 salamanders
  8 wolf spiders
  10 manticores
  A worldbinder (Gauntlet)
  8 guardian serpents
  15 naga magi
  4 water nymphs
  13 elephants
  An ice statue (IceCv)
  9 vault sentinels
  A molten gargoyle (Volcano)
  2 merfolk sirens (Shoals:3)
  3 gargoyles
  31 black mambas
  3 centaur zombies
  A guardian serpent (shapeshifter) (Vaults:2)
  7 komodo dragons
  3 small abominations
  27 yaktaurs
  4 rime drakes
  2 kobold demonologists
  13 spiny frogs
  9 freezing wraiths
  2 demonic crawlers (Elf:2)
  2 efreet
  39 merfolk
  11 trolls
  21 polar bears
  A tengu simulacrum (Vaults:3)
  A guardian mummy (D:15)
  A polar bear (shapeshifter) (Vaults:1)
  7 wind drakes
  13 snapping turtles
  A raiju (Abyss:3)
  18 slime creatures
  7 blink frogs
  19 dream sheep
  13 hippogriffs
  6 air elementals
  A vampire (D:9)
  A ynoxinul (Abyss:3)
  2 wyverns
  2 redbacks (Vaults:2)
  An ettin skeleton (D:15)
  3 fire elementals
  A spriggan (shapeshifter) (Vaults:2)
  2 shadows (D:14)
  5 wraiths
  15 water elementals
  3 fire bats (Lair:3)
  41 yaks
  A yak (shapeshifter) (Vaults:3)
  A basilisk (Lair:6)
  A chaos spawn (Abyss:3)
  2 hungry ghosts
  16 vampire mosquitoes
  18 humans (D:14)
  A neqoxec (Abyss:3)
  11 water moccasins
  7 wargs
  An acid dragon (D:11)
  4 soldier ants
  59 nagas
  A water moccasin (shapeshifter) (Vaults:4)
  2 large abominations (Elf:1)
  11 porcupines
  33 orc warriors
  4 ice beasts
  A black bear (D:8)
  7 starcursed masses (Abyss:3)
  2 black bears (shapeshifter)
  A necrophage (D:11)
  7 boggarts
  A phantom (D:4)
  35 wolves
  14 centaurs
  49 ogres
  16 crocodiles
  A big kobold (D:10)
  2 elf zombies (Elf:1)
  3 earth elementals
  3 human skeletons (Vaults:3)
  17 bullfrogs
  2 wyvern zombies
  A scorpion (D:4)
  10 killer bees
  10 wights
  10 howler monkeys
  3 electric eels (Lair:4)
  7 crimson imps
  2 bullfrog zombies
  A human simulacrum (Vaults:3)
  3 quasits
  3 bullfrog skeletons
  10 hounds
  4 jellies
  18 orc priests
  An iron imp (Abyss:3)
  19 orc wizards
  5 centaur skeletons
  6 iguanas
  A hell rat (Lair:6)
  14 worker ants
  6 hound skeletons
  A howler monkey zombie (D:6)
  11 gnolls
  2 howler monkey skeletons
  8 adders
  3 shadow imps
  3 oozes
  3 adder zombies
  6 worms
  3 dart slugs (D:1)
  4 leopard geckos
  94 orcs
  2 giant cockroaches
  4 hobgoblins
  13 jackals
  8 quokkas
  6 bats
  4 frilled lizards
  7 goblins
  16 kobolds
  2 leopard gecko skeletons (D:8)
  A quokka skeleton (D:9)
  A quokka zombie (D:5)
  8 rats
  A crawling corpse (Elf:3)
  2 fungi (Lair:6)
  9 plants
  2 starspawn tentacles (Abyss:3)
  2 tentacles (Shoals:3)
  4 toadstools (D:1)
1763 creatures vanquished.

Vanquished Creatures (collateral kills)
  2 sea snakes (Shoals:1)
  A merfolk siren (Shoals:1)
  2 gargoyles (Gauntlet)
  A merfolk (Shoals:1)
  2 blink frogs (Lair:5)
  A plant (Shoals:1)
9 creatures vanquished.

Vanquished Creatures (others)
  A deep elf knight (Elf:3)
  A harpy (Vaults:2)
  2 deep elf magi
  A tengu conjurer (Shoals:4)
  2 merfolk (Shoals:3)
  A naga (Snake:4)
  An orc warrior (Orc:2)
  An ogre (D:11)
  A centaur (Shoals:1)
  An orc (Orc:2)
  6 plants
  2 starspawn tentacles (Abyss:3)
  5 tentacles (Shoals:3)
  6 withered plants (D:15)
31 creatures vanquished.

Grand Total: 1803 creatures vanquished

Notes
Turn   | Place    | Note
-------+----------+-------------------------------------------
     0 | D:1      | Borgoz the Gargoyle Gladiator began the quest for the Orb.
     0 | D:1      | Reached XP level 1. HP: 12/12 MP: 1/1
    85 | D:1      | Reached XP level 2. HP: 14/18 MP: 2/2
   110 | D:1      | You fall into a shaft and drop 1 floor!
   119 | D:2      | Reached skill level 3 in Axes
   533 | D:1      | Reached skill level 1 in Armour
   623 | D:1      | Reached XP level 3. HP: 20/22 MP: 3/3
  1224 | D:2      | Found a faded altar of an unknown god.
  1437 | D:2      | Found a shimmering blue altar of Sif Muna.
  1667 | D:2      | Reached XP level 4. HP: 27/27 MP: 4/4
  2231 | D:3      | Reached skill level 4 in Axes
  2255 | D:3      | Reached XP level 5. HP: 32/32 MP: 5/5
  2560 | D:4      | Found Viager's Assorted Antiques.
  2783 | D:4      | Got a bloodstained hand axe
  2787 | D:4      | Noticed a phantom
  2803 | D:3      | Identified the +6 hand axe of Experimentation {chaos,
                  | *Drain +Blink rN++ Stlth+} (You found it on level 4 of the
                  | Dungeon)
  3014 | D:4      | Gained mutation: Scrolls take you a little longer to read.
                  | [potion of mutation]
  3014 | D:4      | Gained mutation: Scrolls take you longer to read. [potion
                  | of mutation]
  3014 | D:4      | Gained mutation: You are clumsy. (Dex -2) [potion of
                  | mutation]
  3014 | D:4      | Gained mutation: You are resistant to hostile enchantments.
                  | (MR+) [potion of mutation]
  3209 | D:3      | Lost mutation: Scrolls take you longer to read. [potion of
                  | mutation]
  3209 | D:3      | Lost mutation: Scrolls take you a little longer to read.
                  | [potion of mutation]
  3209 | D:3      | Lost mutation: You are resistant to hostile enchantments.
                  | (MR+) [potion of mutation]
  3209 | D:3      | Gained mutation: You are weak. (Str -2) [potion of
                  | mutation]
  3209 | D:3      | Gained mutation: You are robust. (+10% HP) [potion of
                  | mutation]
  3209 | D:3      | Gained mutation: Your spells are a little harder to cast,
                  | but a little more powerful. [potion of mutation]
  3209 | D:3      | Gained mutation: You possess an exceptional clarity of
                  | mind. [potion of mutation]
  3210 | D:3      | Lost mutation: Your spells are a little harder to cast, but
                  | a little more powerful. [potion of mutation]
  3210 | D:3      | Lost mutation: You are weak. (Str -2) [potion of mutation]
  3210 | D:3      | Lost mutation: You are clumsy. (Dex -2) [potion of
                  | mutation]
  3210 | D:3      | Gained mutation: You are very robust. (+20% HP) [potion of
                  | mutation]
  3210 | D:3      | Gained mutation: Your mind is acute. (Int +2) [potion of
                  | mutation]
  3256 | D:4      | Killed a phantom
  3256 | D:4      | Reached XP level 6. HP: 25/45 MP: 6/6
  3463 | D:4      | Reached skill level 5 in Axes
  3763 | D:4      | Found a sparkling altar of Nemelex Xobeh.
  3871 | D:4      | Reached XP level 7. HP: 48/52 MP: 7/7
  3984 | D:5      | Entered Level 5 of the Dungeon
  3984 | D:5      | Found a staircase to the Ecumenical Temple.
  4548 | D:5      | Reached skill level 5 in Fighting
  4548 | D:5      | Reached skill level 6 in Axes
  5054 | D:6      | Reached XP level 8. HP: 58/58 MP: 8/8
  5088 | D:6      | Found Kafoevve's Weapon Shop.
  5588 | D:7      | Reached skill level 5 in Armour
  5591 | D:7      | Reached skill level 7 in Axes
  6045 | D:7      | Reached XP level 9. HP: 52/67 MP: 7/9
  6139 | D:7      | Reached skill level 8 in Axes
  6831 | D:8      | Found a basalt altar of Yredelemnul.
  6835 | D:8      | Found a glowing silver altar of Zin.
  6835 | D:8      | Found an iron altar of Okawaru.
  6835 | D:8      | Found a snail-covered altar of Cheibriados.
  6839 | D:8      | Found an ornate altar of the Wu Jian Council.
  6846 | D:8      | Became a worshipper of Warmaster Okawaru
  7309 | D:8      | Reached * piety under Okawaru
  7397 | D:8      | Reached skill level 9 in Axes
  7498 | D:8      | Reached XP level 10. HP: 73/76 MP: 8/10
  7523 | D:8      | Reached ** piety under Okawaru
  7549 | D:8      | Noticed a two-headed ogre
  7561 | D:8      | Killed a two-headed ogre
  7577 | D:8      | Reached *** piety under Okawaru
  7968 | D:9      | Reached skill level 10 in Axes
  8594 | D:9      | Reached **** piety under Okawaru
  8963 | D:9      | Found a shimmering altar of Xom.
  9035 | D:9      | Got a scorched brass ring
  9036 | D:9      | Identified the ring of Amorality {Ice rPois Str+3 Int+3}
                  | (You found it on level 9 of the Dungeon)
  9113 | D:10     | Entered Level 10 of the Dungeon
  9816 | D:10     | Reached XP level 11. HP: 54/82 MP: 9/11
  9817 | D:10     | Reached skill level 5 in Dodging
 10138 | D:10     | Reached skill level 1 in Invocations
 11251 | D:11     | Found a staircase to the Lair.
 11456 | D:11     | Found Waxtiura's Antique Weapon Emporium.
 11468 | D:11     | Found a staircase to the Orcish Mines.
 11473 | D:11     | Noticed a deep elf mage
 11482 | D:11     | Noticed a deep elf mage
 11491 | D:11     | HP: 4/85 [earth elemental[a deep elf mage] (9)]
 11512 | D:11     | Reached skill level 11 in Axes
 11816 | D:11     | Killed a deep elf mage
 12079 | D:11     | Killed a deep elf mage
 12095 | D:11     | Noticed a deep elf mage
 12095 | D:11     | Noticed a deep elf mage
 12097 | D:11     | Noticed a deep elf mage
 12107 | D:11     | Killed a deep elf mage
 12110 | D:11     | Killed a deep elf mage
 12110 | D:11     | Reached ***** piety under Okawaru
 12294 | D:11     | Noticed a deep elf mage
 12301 | D:11     | Noticed a deep elf mage
 12308 | D:11     | Killed a deep elf mage
 12544 | D:11     | Killed a deep elf mage
 12564 | D:11     | Killed a deep elf mage
 12564 | D:11     | Received a gift from Okawaru
 12642 | D:11     | Reached XP level 12. HP: 70/92 MP: 12/15
 12908 | D:12     | Reached skill level 10 in Fighting
 13169 | D:12     | Got a faintly humming leather armour
 13208 | D:12     | Identified the +3 leather armour of Witukot {rElec rF-
                  | rCorr Str+4} (You found it on level 12 of the Dungeon)
 13347 | D:12     | Reached skill level 5 in Invocations
 13561 | D:12     | Noticed a seven-headed hydra
 13577 | D:12     | Killed a seven-headed hydra
 13577 | D:12     | Reached skill level 12 in Axes
 13892 | D:12     | Received a gift from Okawaru
 14183 | D:13     | Noticed Frances
 14191 | D:13     | Reached skill level 10 in Armour
 14221 | D:13     | Killed Frances
 14699 | D:13     | Noticed a death knight
 14709 | D:13     | Received a gift from Okawaru
 14710 | D:13     | Got a bone executioner's axe {god gift}
 14733 | D:13     | Killed a death knight
 14966 | D:13     | Identified the +6 executioner's axe "Josag" {venom, rF+
                  | Str+4 Int-5} (Okawaru gifted it to you on level 13 of the
                  | Dungeon)
 15083 | D:13     | Reached XP level 13. HP: 98/99 MP: 15/17
 15539 | D:14     | Found a frozen archway.
 15589 | IceCv    | Entered an ice cave
 15787 | IceCv    | Received a gift from Okawaru
 16034 | IceCv    | Received a gift from Okawaru
 16262 | IceCv    | Noticed a frost giant
 16276 | IceCv    | Reached skill level 13 in Axes
 16288 | IceCv    | Killed a frost giant
 16288 | IceCv    | Received a gift from Okawaru
 16294 | IceCv    | Got a translucent chain mail {god gift}
 16337 | IceCv    | Identified the Almanac of Ice
 16436 | D:14     | Identified the +5 chain mail of Goidu {Str-3 Int-3 Dex+6}
                  | (Okawaru gifted it to you in an ice cave)
 16627 | D:14     | Gained mutation: Your large and strong wings let you fly
                  | indefinitely. [Gargoyle growth]
 16627 | D:14     | Reached XP level 14. HP: 88/109 MP: 14/20
 16833 | D:14     | Identified a scroll of acquirement
 16835 | D:14     | Got a smoking diamond amulet
 16837 | D:14     | Identified the amulet of Laydaam {Reflect -Tele rF++ Str+4
                  | Int+3 SH+3} (You acquired it on level 14 of the Dungeon)
 16871 | D:14     | Got an encrusted whip
 16874 | D:14     | Identified the cursed +2 whip of Ru's Supremacy {slash,
                  | Fragile Int+8} (You found it on level 14 of the Dungeon)
 16912 | D:14     | Found a gate to the Vaults.
 16921 | D:14     | Reached ****** piety under Okawaru
 17743 | D:15     | Entered Level 15 of the Dungeon
 17765 | D:15     | Found an opulent altar of Gozag.
 18045 | D:15     | Received a gift from Okawaru
 18478 | D:15     | Found a staircase to the Depths.
 18776 | D:15     | Received a gift from Okawaru
 18940 | D:15     | Found Nocviarch's Weapon Shop.
 19346 | D:15     | Got a crystal falchion
 19347 | D:15     | Identified the +10 falchion "Xes Rome" {speed, Stlth+} (You
                  | found it on level 15 of the Dungeon)
 19585 | D:6      | Bought the +5 demon whip "Spellbinder" {antimagic, MR+} for
                  | 1073 gold pieces
 19585 | D:6      | Found the +5 demon whip "Spellbinder" {antimagic, MR+}
 19726 | Lair:1   | Entered Level 1 of the Lair of Beasts
 19775 | Lair:1   | Reached XP level 15. HP: 117/117 MP: 7/21
 20140 | Lair:1   | Reached skill level 14 in Axes
 20468 | Lair:2   | Found a gate leading to a gauntlet.
 20502 | Gauntlet | Entered a Gauntlet
 20502 | Gauntlet | Found a transporter.
 20502 | Gauntlet | Found a transporter.
 20520 | Gauntlet | Found a transporter.
 20520 | Gauntlet | Found a transporter.
 20524 | Gauntlet | Found a transporter.
 20524 | Gauntlet | Found a transporter.
 20557 | Gauntlet | Found a transporter.
 20561 | Gauntlet | Found a transporter.
 20567 | Gauntlet | Found a runed translucent gate.
 20569 | Gauntlet | Found a transporter.
 20570 | Gauntlet | Found a runed translucent gate.
 20571 | Gauntlet | Found a runed translucent gate.
 20586 | Gauntlet | Found a transporter.
 20600 | Gauntlet | Found a transporter.
 20604 | Gauntlet | Found a transporter.
 20713 | Gauntlet | Reached skill level 1 in Evocations
 20787 | Gauntlet | Got a slimy cloak
 20828 | Gauntlet | Identified the +1 cloak of Boredom {rPois} (You found it in
                  | a Gauntlet)
 20849 | Gauntlet | Got a vibrating jade ring
 20880 | Gauntlet | Identified the ring "Geffi" {+Blink rPois Int+6} (You found
                  | it in a Gauntlet)
 20944 | Gauntlet | Identified the Guide on Talismans
 20951 | Gauntlet | Identified Sif Muna's Catalogue of Beguiling
 20953 | Gauntlet | Got a ripped robe
 21086 | Lair:2   | Got an ichor-stained hand axe
 21087 | Lair:2   | Identified the +8 hand axe of Ziditoxzy {venom, rElec rPois
                  | MR+} (You found it on level 2 of the Lair of Beasts)
 21219 | Lair:2   | Noticed Fannar
 21232 | Lair:2   | Killed Fannar
 21265 | Lair:2   | Noticed Harold
 21276 | Lair:2   | Killed Harold
 22034 | Lair:2   | Got a spiked ring mail
 22045 | Lair:2   | Identified the cursed +1 ring mail "Koucufeg" {-Tele rCorr
                  | Int+8} (You found it on level 2 of the Lair of Beasts)
 22054 | Lair:2   | Got a scorched buckler
 22060 | Lair:2   | Identified the +0 buckler of Yfaqemey {rPois MR+} (You
                  | acquired it on level 2 of the Lair of Beasts)
 22103 | Lair:3   | Found a large runed translucent door.
 22103 | Lair:3   | Found a large runed translucent door.
 22104 | Lair:3   | Noticed pk666's ghost (journeyman DEWz)
 22179 | Lair:3   | Got a warped ring mail
 22204 | Lair:3   | Found a dark tunnel.
 22220 | Volcano  | Entered a volcano
 22368 | Volcano  | Reached skill level 1 in Shields
 23067 | Lair:3   | Killed pk666's ghost
 23067 | Lair:3   | Received a gift from Okawaru
 23068 | Lair:3   | Got a slimy war axe {god gift}
 23070 | Lair:3   | Identified the +1 war axe "Unwohuh" {vamp, Str+3} (Okawaru
                  | gifted it to you on level 3 of the Lair of Beasts)
 23081 | Lair:3   | Identified the +0 ring mail "Tykeq" {rPois Str+2 Dex+2}
                  | (You found it on level 3 of the Lair of Beasts)
 23295 | Lair:4   | Found a staircase to the Shoals.
 23477 | Lair:4   | Found a staircase to the Snake Pit.
 24220 | Lair:5   | Received a gift from Okawaru
 24575 | Lair:5   | Reached skill level 10 in Dodging
 24712 | Lair:5   | Found a viscous altar of Jiyva.
 24712 | Lair:5   | Found a staircase to the Slime Pits.
 24876 | Lair:6   | Entered Level 6 of the Lair of Beasts
 25073 | Lair:6   | Identified the +1 robe "Gisarch" {+Blink MP+9 Dex-4} (You
                  | found it in a Gauntlet)
 25196 | Lair:6   | Reached XP level 16. HP: 126/126 MP: 22/22
 25656 | Lair:6   | Received a gift from Okawaru
 25976 | Lair:6   | Received a gift from Okawaru
 26001 | Lair:6   | Reached skill level 15 in Axes
 26568 | Lair:1   | Got a fine cloak
 26579 | Lair:1   | Identified the +0 cloak of Dawn {rPois rCorr Int+6} (You
                  | acquired it on level 1 of the Lair of Beasts)
 26627 | Orc:1    | Entered Level 1 of the Orcish Mines
 26801 | Orc:2    | Entered Level 2 of the Orcish Mines
 26841 | Orc:1    | HP: 3/126 [two-headed ogre/+0 giant club (8)]
 27697 | Orc:2    | Reached skill level 5 in Shields
 27920 | Orc:2    | Found a staircase to the Elven Halls.
 28411 | Orc:2    | Found Wewymp's Distillery.
 28419 | Orc:2    | Found Nemos's Armour Boutique.
 28424 | Orc:2    | Found Iliycop's Gadget Emporium.
 28433 | Orc:2    | Found Pauhasm's Book Shoppe.
 28490 | Orc:2    | Reached skill level 5 in Evocations
 28837 | Shoals:1 | Entered Level 1 of the Shoals
 28905 | Shoals:1 | Received a gift from Okawaru
 28990 | Shoals:1 | Received a gift from Okawaru
 29561 | Shoals:1 | Reached XP level 17. HP: 102/134 MP: 23/23
 30401 | Shoals:2 | Received a gift from Okawaru
 31389 | Shoals:3 | Reached skill level 16 in Axes
 31424 | Shoals:3 | Noticed a kraken
 31442 | Shoals:3 | Killed a kraken
 31974 | Shoals:3 | Found Goeci's Assorted Antiques.
 31994 | Shoals:3 | Received a gift from Okawaru
 32002 | Shoals:3 | Got a fine chain mail {god gift}
 32004 | Shoals:3 | Noticed Nikola
 32028 | Shoals:3 | Killed Nikola
 32041 | Shoals:3 | Identified the +5 chain mail of the Echidna {rN+ Str+2}
                  | (Okawaru gifted it to you on level 3 of the Shoals)
 33095 | Shoals:4 | Entered Level 4 of the Shoals
 33108 | Shoals:4 | Reached skill level 15 in Fighting
 33387 | Shoals:4 | Noticed Polyphemus
 33666 | Shoals:4 | Killed Polyphemus
 33666 | Shoals:4 | Reached skill level 15 in Armour
 34371 | Shoals:4 | Reached XP level 18. HP: 65/142 MP: 24/24
 34381 | Shoals:4 | Identified Roxanne's Guide on Changing
 34381 | Shoals:4 | Noticed Roxanne
 34632 | Shoals:4 | Killed Roxanne
 34632 | Shoals:4 | Received a gift from Okawaru
 34637 | Shoals:4 | Got a pair of smoking gloves {god gift}
 34663 | Shoals:3 | Identified the +1 pair of gloves of Sihuug Reuff {+Inv
                  | Str+4 Stlth-} (Okawaru gifted it to you on level 4 of the
                  | Shoals)
 35215 | Shoals:4 | Reached skill level 17 in Axes
 35219 | Shoals:4 | Got a barnacled rune of Zot
 36539 | Shoals:4 | Got a translucent cloak
 36540 | Shoals:4 | Identified the cursed +0 cloak "Teovaofe" {-Cast rF+ Dex+3}
                  | (You found it on level 4 of the Shoals)
 37364 | Snake:1  | Entered Level 1 of the Snake Pit
 37763 | Snake:1  | Found a flickering gateway to a bazaar.
 37775 | Bazaar   | Entered a bazaar
 37775 | Bazaar   | Found Ryshoip's Armour Shoppe.
 37775 | Bazaar   | Found Suges's Gadget Boutique.
 37775 | Bazaar   | Found Xeezaf's Antique Armour Shoppe.
 37775 | Bazaar   | Found Gagiufos's Antique Armour Shop.
 37777 | Bazaar   | Found Hics's Weapon Shop.
 37820 | Bazaar   | Bought the +7 gold dragon scales of Fareubil {+Inv rPois
                  | rF+ rC+ MR+ Str+3 Int-5} for 1324 gold pieces
 37867 | Bazaar   | Bought a blackened ring mail for 216 gold pieces
 37877 | Bazaar   | Identified the cursed +0 ring mail "Geost" {rF+ MR+ Str-5
                  | Int-5 Slay+2} (You bought it in a shop in a bazaar)
 38214 | Snake:1  | Received a gift from Okawaru
 38224 | Snake:1  | Got a jewelled battleaxe {god gift}
 38225 | Snake:1  | Identified the +3 battleaxe of Revolt {venom, rF+ Str+3}
                  | (Okawaru gifted it to you on level 1 of the Snake Pit)
 39538 | Snake:3  | Noticed Saint Roka
 39539 | Snake:3  | Noticed Vashnia
 39555 | Snake:3  | Received a gift from Okawaru
 39931 | Snake:3  | Reached XP level 19. HP: 117/150 MP: 25/25
 40446 | Snake:3  | Killed Saint Roka
 40585 | Snake:3  | Killed Vashnia
 40810 | Snake:3  | Reached skill level 18 in Axes
 40870 | Snake:3  | Noticed Aizul
 40884 | Snake:3  | Killed Aizul
 41234 | Snake:4  | Entered Level 4 of the Snake Pit
 41349 | Snake:4  | Received a gift from Okawaru
 41991 | Snake:4  | Received a gift from Okawaru
 42274 | Snake:4  | Got a transparent battleaxe {god gift}
 42285 | Snake:4  | Identified the +1 battleaxe "Yqammub" {drain, rN+ MR+}
                  | (Okawaru gifted it to you on level 4 of the Snake Pit)
 42322 | Snake:4  | Got a serpentine rune of Zot
 42573 | Snake:4  | Noticed Agnes
 42592 | Snake:4  | Killed Agnes
 42621 | Snake:4  | Received a gift from Okawaru
 42630 | Snake:4  | Reached XP level 20. HP: 137/158 MP: 26/26
 42733 | Snake:4  | Noticed Bai Suzhen
 42754 | Snake:4  | Killed Bai Suzhen
 43213 | Elf:1    | Entered Level 1 of the Elven Halls
 43424 | Elf:1    | Found a portal to a secret trove of treasure.
 43594 | Elf:1    | Identified the Volume of Darkness
 44068 | Elf:2    | Found Cihot's Jewellery Shoppe.
 44525 | Elf:2    | Found Ylackin's Weapon Emporium.
 44617 | Elf:2    | Found a runed translucent gate.
 44617 | Elf:2    | Found a runed translucent gate.
 44636 | Elf:2    | Found a runed translucent gate.
 44947 | Elf:2    | Reached skill level 19 in Axes
 45053 | Elf:2    | Received a gift from Okawaru
 45553 | Elf:3    | Entered Level 3 of the Elven Halls
 46108 | Elf:3    | Found Woskeur's Book Emporium.
 46114 | Elf:3    | Found an ancient bone altar of Kikubaaqudgha.
 46960 | Elf:3    | Gained mutation: You are weak. (Str -2) [a cacodemon]
 46982 | Elf:3    | Identified the +5 executioner's axe of Ewkoe {drain, Dex+4}
 47003 | Elf:3    | Noticed a Brimstone Fiend
 47294 | Elf:3    | Noticed a Brimstone Fiend
 47311 | Elf:3    | Reached XP level 21. HP: 106/168 MP: 27/27
 47521 | Elf:3    | Received a gift from Okawaru
 47617 | Elf:3    | Identified the cursed +1 spear of Terra Cotta {flame, rElec
                  | rPois}
 47633 | Elf:3    | Identified the +5 halberd of Anguish {venom, rC+ Dex-5
                  | SInv}
 48353 | Elf:3    | Identified the Compendium of the Compass and Weightlessness
 48660 | Vaults:1 | Entered Level 1 of the Vaults
 48709 | Vaults:1 | Received a gift from Okawaru
 48919 | Vaults:1 | Found Syogy's Gadget Emporium.
 48978 | Vaults:1 | Found Itiazxui's Assorted Antiques.
 49014 | Vaults:1 | Bought a translucent cloak for 323 gold pieces
 49014 | Vaults:1 | Identified the +2 cloak of Nyngao {rPois rC+ Slay+3} (You
                  | bought it in a shop on level 1 of the Vaults)
 49088 | Vaults:1 | Found Onujauca's Weapon Shop.
 49168 | Vaults:1 | Found Goisoch's Armour Emporium.
 49168 | Vaults:1 | Found Bebbuzo's Armour Shop.
 49244 | Vaults:1 | Reached skill level 20 in Axes
 49752 | Vaults:2 | Found Cyise's General Store.
 49760 | Vaults:2 | Bought a scroll of teleportation for 42 gold pieces
 49760 | Vaults:2 | Bought a scroll of magic mapping for 49 gold pieces
 49947 | Vaults:2 | Received a gift from Okawaru
 50164 | Vaults:2 | Reached XP level 22. HP: 162/176 MP: 28/28
 51658 | Vaults:3 | Noticed an ancient lich
 51675 | Vaults:3 | Killed an ancient lich
 51778 | Vaults:3 | Received a gift from Okawaru
 51938 | Vaults:3 | Found a runed translucent gate.
 51938 | Vaults:3 | Found a runed translucent gate.
 51938 | Vaults:3 | Found a runed translucent gate.
 51938 | Vaults:3 | Found an ancient bone altar of Kikubaaqudgha.
 51938 | Vaults:3 | Noticed Pofumik's ghost (veteran MiFi)
 51938 | Vaults:3 | Noticed Geloitur's ghost (veteran SpEE)
 51939 | Vaults:3 | Noticed Qenoimudgh's ghost (adept FeMo)
 51994 | Vaults:3 | Killed Qenoimudgh's ghost
 52011 | Vaults:3 | Killed Geloitur's ghost
 52044 | Vaults:3 | Killed Pofumik's ghost
 52053 | Vaults:3 | Got an ancient zirconium amulet
 52063 | Vaults:3 | Got a faintly humming helmet
 52066 | Vaults:3 | Identified Kikubaaqudgha's Reference Book on Dark Rites
 52073 | Vaults:3 | Identified the amulet "Ozauxax" {Gourm rN+} (You found it
                  | on level 3 of the Vaults)
 52074 | Vaults:3 | Identified the +2 helmet "Yggoclep" {*Corrode MP+9 Str+4
                  | Int+3} (You found it on level 3 of the Vaults)
 52434 | Vaults:3 | Reached skill level 21 in Axes
 52505 | Vaults:3 | Found a staircase to the Crypt.
 52505 | Vaults:3 | Found an ancient bone altar of Kikubaaqudgha.
 52506 | Vaults:3 | Found a basalt altar of Yredelemnul.
 52640 | Vaults:3 | Reached XP level 23. HP: 164/183 MP: 29/29
 52845 | Vaults:4 | Found Qeedasm's Jewellery Emporium.
 53107 | Vaults:4 | Found Hegaf's General Store.
 53127 | Vaults:4 | Received a gift from Okawaru
 53166 | Vaults:4 | Found Diredar's Food Boutique.
 53562 | Vaults:4 | Found Rarah's Assorted Antiques.
 53883 | Vaults:4 | Got a translucent flail
 53890 | Vaults:4 | Identified the +8 flail of Quol {protect, -Tele rElec rN++
                  | Dex-4} (You found it on level 4 of the Vaults)
 53911 | Vaults:4 | Found Iczoenen's Magic Scroll Shoppe.
 54226 | Vaults:5 | Entered Level 5 of the Vaults
 54249 | Vaults:5 | Reached skill level 15 in Dodging
 54271 | Vaults:5 | Received a gift from Okawaru
 55115 | Vaults:5 | Noticed an ancient lich
 55132 | Vaults:5 | Cast into level 3 of the Abyss (vault warden)
 55317 | Abyss:3  | Killed from afar by a starcursed mass

Levels and vault maps discovered:
D:1:      ldierk_water_garden, layout_basic, kennysheep_nondescript
D:2:      layout_basic, lemuel_blue_sif_altar, chequers_ecumenical_altar_twisty
D:3:      layout_basic
D:4:      layout_rooms, nemelex_altar_shiori, serial_shops, shop,
          kennysheep_decorative_pillar
D:5:      layout_loops_ring, minmay_temple_entry_offerings, first_ration
D:6:      layout_loops_ring, serial_shops, shop
D:7:      layout_loops_corners
D:8:      cheibrodos_barr_body, layout_basic, minitemple,
          hangedman_pestilent_swarm
D:9:      layout_roguey, kennysheep_mini_moat, st_stairs_1
D:10:     layout_stronghold
D:11:     layout_basic, erik_lair_orcish_takeover, david_orc_3, serial_shops,
          shop, elves_outpost_lemuel
D:12:     layout_cave_pools
D:13:     layout_gridville, uniq_frances
D:14:     layout_stronghold, grunt_vaults_entry_tiered,
          portal_ice_cave_entry_pillars_1, minivault_23
D:15:     gammafunk_depths_entry_grave, layout_cave_pods, serial_shops, shop,
          nicolae_gozag_seed_capital
Lair:1:   layout_regular_city
Lair:2:   layout_cave_pods, gauntlet_entry_generic, minmay_holes,
          beast_lair_carwin_1, grunt_megastairs_1, uniq_fannar, uniq_harold
Lair:3:   layout_gridlike, ebering_ghost_disaster_area,
          nicolae_volcano_entry_batcave, minivault_19, grunt_megastairs_3,
          infiniplex_staircase_pool_2
Lair:4:   layout_gridlike, minmay_shoals_entry_centaurs,
          minmay_snake_entry_guardpost_large, serial_bayou_shore_a
Lair:5:   layout_cave_shapes, dpeg_slime_entry_enclosed_altar, lemuel_fruit_tree
Lair:6:   hangedman_lair_in_review, layout_regular_city, minivault_26
Shoals:1: cheibrodos_shoals_three_sisters, layout_shoals,
          hangedman_shoals_cup_caves
Shoals:2: layout_shoals
Shoals:3: layout_shoals, serial_shops, shop, uniq_nikola
Shoals:4: shoals_end_grunt_ice, layout_shoals, kb_tengu_band, uniq_polyphemus,
          uniq_roxanne
Snake:1:  layout_misc_corridors, serial_shops, bzr_entry_safe,
          grunt_ministairs_9
Snake:2:  layout_misc_corridors
Snake:3:  layout_cave_shapes, grunt_megastairs_2, uniq_aizul, uniq_saint_roka,
          uniq_vashnia
Snake:4:  johnstein_snake_rune_scales, layout_grid_maze, uniq_bai_suzhen,
          uniq_agnes
Orc:1:    layout_caves
Orc:2:    st_orc_open, layout_caves
Elf:1:    layout_geoelf_diagonals, nicolae_trove_entry_diagonal,
          minmay_elf_necromancy
Elf:2:    layout_rooms, serial_shops, shop,
          nicolae_shop_temple_entry_statues_fountains,
          einodemon_crawler_minivault
Elf:3:    minmay_elf_hall_golems, layout_onion_city, serial_shops,
          nicolae_shop_trees, basic_altar
Vaults:1: hangedman_vaults_hat, v_misc_9, vaults_mumra_hexcomb,
          vaults_mumra_lcd, v_misc_13, nicolae_vaults_little_squares_5,
          vaults_room_boxed, v_misc_13, ontoclasm_vaults_ring_square,
          vaults_room_semicircle, ontoclasm_vaults_ligature,
          nicolae_vaults_murderbox, hangedman_vaults_stitches,
          nicolae_vaults_little_squares_6, layout_vaults_maze_bifur,
          serial_shops, nicolae_shop_temple_entry_statues_fountains, shop,
          nicolae_shop_overgrown_old_shop, shop, shop_statue
Vaults:2: v_alt_pattern_6, nicolae_vaults_three_branches,
          vaults_room_stairs_pillars, v_pattern_1, hangedman_vaults_slice,
          nicolae_vaults_network_square, nicolae_vaults_triangles,
          nicolae_vaults_rhombus_5, layout_vaults_chaotic_city, serial_shops,
          nicolae_shop_temple_entry_statues_fountains
Vaults:3: gammafunk_vaults_ghost_crypt, vaults_standard_mumra_enter_the_diamond,
          nicolae_vaults_specimen_jars, nicolae_vaults_rhombus_6,
          hangedman_vaults_stream, v_rooms_5, minmay_crypt_entry_necro_gods,
          v_misc_16, hangedman_vaults_nodes, grunt_vaults_hallway_long,
          hangedman_vaults_locks, v_misc_11, vaults_room_pool,
          layout_vaults_omnibox
Vaults:4: v_misc_28, vaults_room_semicircle, ontoclasm_vaults_loading_screen,
          v_misc_3, nicolae_vaults_little_squares_2, ontoclasm_vaults_chip,
          layout_vaults_omnigrid, serial_shops, nicolae_shop_trees,
          nicolae_shop_overgrown_old_shop, shop, nicolae_shop_behind_doors,
          nicolae_shop_stone
Vaults:5: serial_shops, uniq_jory
Abyss:3:  base: Elf:3, evilmike_abyss_rune_ettins, hangedman_abyss_theft,
          minivault_25_ag, nicolae_abyss_rune_left_handed

Skill      XL: |  1  2  3  4  5  6  7  8  9 10 11 12 13 14 15 16 17 18 19 20 21 22 23 |
---------------+----------------------------------------------------------------------+-----
Axes           | 3 4 5 6 7 9 10 11 12 13 14 15 16 17 18 19 20 21 | 21.8
Armour         | 1 2 3 4 5 7 8 9 10 11 12 13 14 15 16 17 18 19 | 19.5
Fighting       | 3 4 5 6 7 8 9 10 11 13 14 15 16 17 18 19 | 19.7
Dodging        | 3 4 6 7 8 9 10 11 12 13 14 15 | 15.3
Invocations    | 4 6 8 |  8.0
Evocations     | 3 5 |  5.0
Shields        | 3 5 7 |  7.9
Throwing       | |  1.7

Action                   |  1- 3 |  4- 6 |  7- 9 | 10-12 | 13-15 | 16-18 | 19-21 | 22-24 || total
-------------------------+-------+-------+-------+-------+-------+-------+-------+-------++-------
Melee: War axe           |   140 |   202 |   423 |   541 |     5 |       |       |       ||  1311
       Hand axe          |       |     4 |       |   438 |   128 |  1242 |       |       ||  1812
       Flail             |       |     4 |       |     7 |    11 |       |       |       ||    22
       Executioner's axe |       |       |       |     5 |   510 |   418 |     2 |   148 ||  1083
       Punch             |       |       |       |     2 |       |       |       |       ||     2
       Demon whip        |       |       |       |       |   522 |   102 |       |       ||   624
       Battleaxe         |       |       |       |       |       |       |  1499 |   711 ||  2210
Throw: Throwing net      |     1 |       |     1 |     2 |     1 |       |     1 |       ||     6
Invok: Heroism           |       |       |       |     4 |    14 |     7 |     8 |     2 ||    35
       Finesse           |       |       |       |       |       |       |       |     1 ||     1
 Abil: Fly               |       |       |       |       |     1 |       |       |       ||     1
       Evoke Berserk Rag |       |       |       |       |     1 |       |       |       ||     1
Evoke: Wand              |       |       |       |     2 |       |       |       |       ||     2
  Use: Scroll            |     1 |       |     6 |     9 |    25 |    11 |     7 |     4 ||    63
       Potion            |       |     5 |       |     7 |     3 |     4 |       |     5 ||    24
 Stab: Held in net/web   |       |       |       |     2 |       |       |     2 |       ||     4
       Invisible         |       |       |       |     8 |       |       |       |       ||     8
       Distracted        |       |       |       |       |     1 |       |       |       ||     1
  Eat: Chunk             |     3 |     7 |    14 |    28 |    28 |    44 |    28 |    14 ||   166
       Ration            |       |       |     1 |     1 |     2 |     1 |     2 |     1 ||     8
Armor: Leather armour    |    55 |       |       |       |       |       |       |       ||    55
       Ring mail         |     9 |    21 |       |       |       |       |       |       ||    30
       Scale mail        |       |   128 |   327 |   329 |       |       |       |       ||   784
       Plate armour      |       |       |       |    96 |       |       |       |       ||    96
       Acid dragon scale |       |       |       |   182 |   168 |       |       |       ||   350
       Chain mail        |       |       |       |       |   344 |   525 |       |       ||   869
       Quicksilver drago |       |       |       |       |   274 |   380 |       |       ||   654
       Gold dragon scale |       |       |       |       |       |   173 |  1227 |   557 ||  1957
Dodge: Dodged            |   105 |   100 |   246 |   688 |   944 |  1173 |   891 |   544 ||  4691
Block: Other             |       |       |       |       |    32 |    78 |   193 |    82 ||   385
       Buckler           |       |       |       |       |   144 |   471 |       |       ||   615
       Reflection        |       |       |       |       |     3 |    39 |    23 |     3 ||    68

Table legend:
 A = Non-vault XP
 B = Vault XP
 C = Vault XP percentage of total XP
 D = Non-vault monster count
 E = Vault monster count
 F = Vault count percentage of total count
                 A         B        C        D         E       F
            +---------+---------+-------+---------+---------+-------
      Total |  391182 |  438933 |  52.9 |    1122 |     638 |  36.2
            +---------+---------+-------+---------+---------+-------
        D:1 |      54 |       0 |   0.0 |      28 |       0 |   0.0
        D:2 |      36 |       0 |   0.0 |      16 |       0 |   0.0
        D:3 |     161 |       0 |   0.0 |      26 |       0 |   0.0
        D:4 |     375 |       0 |   0.0 |      13 |       0 |   0.0
        D:5 |     458 |       0 |   0.0 |      18 |       0 |   0.0
        D:6 |     505 |       0 |   0.0 |      20 |       0 |   0.0
        D:7 |    1127 |       0 |   0.0 |      26 |       0 |   0.0
        D:8 |    1556 |    2101 |  57.5 |      23 |      19 |  45.2
        D:9 |    2230 |      14 |   0.6 |      29 |       1 |   3.3
       D:10 |    1817 |       0 |   0.0 |      36 |       0 |   0.0
       D:11 |    3519 |    5178 |  59.5 |      35 |      22 |  38.6
       D:12 |    6821 |       0 |   0.0 |      33 |       0 |   0.0
       D:13 |    7975 |    2272 |  22.2 |      27 |       1 |   3.6
       D:14 |   10492 |    9116 |  46.5 |      33 |      25 |  43.1
       D:15 |   12391 |    4549 |  26.9 |      25 |       8 |  24.2
     Lair:1 |    3782 |       0 |   0.0 |      15 |       0 |   0.0
     Lair:2 |    3602 |    3224 |  47.2 |      16 |      12 |  42.9
     Lair:3 |    4544 |    3085 |  40.4 |      17 |       7 |  29.2
     Lair:4 |    3870 |    1093 |  22.0 |      18 |       8 |  30.8
     Lair:5 |    6585 |       0 |   0.0 |      24 |       0 |   0.0
     Lair:6 |   10565 |   10950 |  50.9 |      35 |      21 |  37.5
   Shoals:1 |    8384 |   14934 |  64.0 |      17 |      24 |  58.5
   Shoals:2 |    7294 |       0 |   0.0 |      19 |       0 |   0.0
   Shoals:3 |   20372 |    6209 |  23.4 |      41 |       4 |   8.9
   Shoals:4 |   32507 |   23340 |  41.8 |      59 |      29 |  33.0
    Snake:1 |   14648 |    3814 |  20.7 |      30 |       5 |  14.3
    Snake:2 |   15112 |       0 |   0.0 |      29 |       0 |   0.0
    Snake:3 |   10198 |   21423 |  67.7 |      19 |      26 |  57.8
    Snake:4 |   17204 |   46304 |  72.9 |      33 |      63 |  65.6
      Orc:1 |    3653 |    6709 |  64.7 |      32 |      10 |  23.8
      Orc:2 |    2340 |    9179 |  79.7 |      31 |      27 |  46.6
      Elf:1 |    8523 |    3103 |  26.7 |      17 |       7 |  29.2
      Elf:2 |   14297 |   24794 |  63.4 |      26 |      34 |  56.7
      Elf:3 |   19469 |   47388 |  70.9 |      34 |      36 |  51.4
   Vaults:1 |   24637 |   24106 |  49.5 |      47 |      36 |  43.4
   Vaults:2 |   17622 |   17327 |  49.6 |      24 |      23 |  48.9
   Vaults:3 |   39064 |   61988 |  61.3 |      68 |      57 |  45.6
   Vaults:4 |   33715 |    5965 |  15.0 |      48 |      12 |  20.0
   Vaults:5 |    9125 |   58051 |  86.4 |      11 |      44 |  80.0
    Abyss:3 |   10553 |    3518 |  25.0 |      24 |       9 |  27.3
      IceCv |       0 |   14181 | 100.0 |       0 |      57 | 100.0
    Volcano |       0 |    1516 | 100.0 |       0 |       4 | 100.0
   Gauntlet |       0 |    3502 | 100.0 |       0 |       7 | 100.0
            +---------+---------+-------+---------+---------+-------
